 Dungeon Crawl Stone Soup version 0.31-a0-810-ga77100ea1a (webtiles) character file.

Game seed: 15146944321662686597

14641 IdlyInterested the Protected (level 11, -6/89 HPs)
             Began as a Demonspawn Gladiator on Sept 21, 2023.
             Mangled by a large slime creature (32 damage)
             ... on level 12 of the Dungeon.
             The game lasted 00:46:12 (12440 turns).

IdlyInterested the Protected (DsGl)                Turns: 12440, Time: 00:46:13

Health: -6/89      AC: 23    Str: 18    XL:     11   Next: 91%
Magic:  11/11      EV: 10    Int: 10    God:
Gold:   736        SH:  0    Dex: 15    Spells: 10/10 levels left

rFire   . . .        B - +6 whip "Repukh" {freeze, rPois Will+ Stlth-}
rCold   . . .        n - +0 kite shield
rNeg    . . .        Z - +4 chain mail
rPois   +            c - +0 helmet
rElec   .            Y - +2 cloak
rCorr   .            q - +0 pair of gloves
SInv    .            (no boots)
Will    +....        r - amulet of reflection Stlth
                     s - ring of poison resistance
HPRegen 0.34/turn    (no ring)
MPRegen 0.12/turn

%: reflection
@: confused, ambrosia-drunk
A: foul stench 3, sharp scales 2
a: no special abilities


You were on level 12 of the Dungeon.
You visited 2 branches of the dungeon, and saw 13 of its levels.

You collected 736 gold pieces.

Inventory:

Hand Weapons
 a - a +1 war axe
 B - the +6 whip "Repukh" (weapon) {freeze, rPois Will+ Stlth-}
   (You found it on level 5 of the Dungeon)

   rPois:     It protects you from poison Will+: It increases your willpower.
   Stlth-:    It makes you less stealthy.
 J - a +3 trident
 W - a +2 spear of freezing
Missiles
 d - 2 throwing nets
 e - 3 javelins
 l - 8 poisoned darts (quivered)
 K - 16 stones
 N - a curare-tipped dart
 U - 4 atropa-tipped darts
 V - 4 boomerangs
Armour
 c - a +0 helmet (worn)
 k - a +1 ring mail of cold resistance
 n - a +0 kite shield (worn)
 q - a +0 pair of gloves (worn)
 w - a +1 robe of fire resistance
 Q - a +0 hat
 Y - a +2 cloak (worn)
 Z - a +4 chain mail (worn)
Magical Staves
 x - a staff of earth
Jewellery
 r - an amulet of reflection (around neck)
 s - a ring of poison resistance (left hand)
 A - an amulet of faith
Wands
 D - a wand of acid (1)
 L - a wand of iceblast (8)
 O - a wand of digging (2)
Scrolls
 f - a scroll of revelation {unknown}
 g - a scroll of amnesia {unknown}
 h - a scroll of fog {unknown}
 o - a scroll of poison
 t - a scroll of enchant armour {unknown}
 v - a scroll of vulnerability {unknown}
 y - 2 scrolls of teleportation
 G - a scroll of torment {unknown}
 H - a scroll of immolation
 M - 3 scrolls of blinking
 P - a scroll of fear {unknown}
 S - 2 scrolls of enchant weapon
 X - a scroll of butterflies {unknown}
Potions
 b - a potion of magic
 i - 2 potions of cancellation
 j - 8 potions of ambrosia
 m - a potion of enlightenment
 u - a potion of lignification
 z - 2 potions of invisibility
 C - a potion of mutation
 E - 7 potions of curing
 R - a potion of resistance {unknown}
 T - a potion of might {unknown}


   Skills:
 - Level 9.0 Fighting
 * Level 8.0 Axes
 - Level 4.0 Throwing
 - Level 9.0 Armour
 * Level 8.3 Dodging
 - Level 4.0 Stealth
 - Level 4.0 Shields
 - Level 4.0 Evocations


You had 10 spell levels left.
You didn't know any spells.
Your spell library contained the following spells:

 Spells                   Type           Power      Damage    Failure   Level
 Freeze                   Ice            0%         1d3       100%        1
 Kiss of Death            Conj/Necr      0%         2d5       100%        1
 Cigotuvi's Dreadful Rot  Necr/Pois/Air  0%         N/A       100%        2
 Ensorcelled Hibernation  Hex/Ice        0%         N/A       100%        2
 Jinxbite                 Hex            0%         N/A       100%        2
 Lesser Beckoning         Tloc           0%         N/A       100%        2
 Passwall                 Tmut/Erth      0%         N/A       100%        2
 Sublimation of Blood     Necr           0%         N/A       100%        2
 Wereblood                Tmut           0%         N/A       100%        2
 Confusing Touch          Hex            0%         N/A       100%        3
 Frozen Ramparts          Ice            0%         1d1       100%        3
 Gell's Gravitas          Tloc           0%         N/A       100%        3
 Hailstorm                Conj/Ice       0%         3d3       100%        3
 Swiftness                Air            0%         N/A       100%        3
 Teleport Other           Tloc           0%         N/A       100%        3
 Anguish                  Hex/Necr       0%         N/A       100%        4
 Dispel Undead            Necr           0%         3d6       100%        4
 Death Channel            Necr           0%         N/A       100%        6
 Summon Hydra             Summ           0%         N/A       100%        7


Dungeon Overview and Level Annotations

Branches:
Dungeon (12/15)            Temple (1/1) D:7            Lair (0/5) D:8
    Orc: D:9-12

Altars:
Ashenzari
Cheibriados
Dithmenos
Fedhas
Gozag
Hepliaklqana
Kikubaaqudgha
Makhleb
Nemelex Xobeh
Okawaru
Qazlal
Ru
Sif Muna
Trog
Uskayaw
Vehumet
Wu Jian
Xom
Yredelemnul


Innate Abilities, Weirdness & Mutations

You frequently emit foul miasma when damaged in melee.
You are mostly covered in razor-sharp scales. (AC +2, Slay +2)


Message History

You emit a cloud of foul miasma!
Two slime creatures merge to form an enormous slime creature.
Okay, then.
Throw: 5 javelins
Press: ? - help, Shift-Dir - straight line, f - orc warrior
Aim: an orc warrior, wielding a +0 orcbow and wearing a +0 plate armour (lightly wounded, 65% to hit)
You throw a javelin.
The javelin hits the enormous slime creature and shatters for extra damage!
The enormous slime creature is heavily wounded.
Throw: 4 javelins
Press: ? - help, Shift-Dir - straight line, f - orc warrior, p - orc warrior
Aim: an orc warrior, wielding a +0 battleaxe and wearing a +0 chain mail (62% to hit)
You throw a javelin.
The javelin barely misses the enormous slime creature.
The javelin pierces through the orc warrior.
The orc warrior is lightly wounded.
The enormous slime creature is engulfed in dark miasma.
An enormous slime creature splits.
You whack the large slime creature! You freeze the large slime creature.
The large slime creature is heavily wounded.
You block the large slime creature's attack.
A large slime creature splits.
You whack the slime creature! You freeze the slime creature.
The slime creature is almost dead.
The large slime creature hits you!!
You whack the slime creature! You freeze the slime creature.
You kill the slime creature!
You block the slime creature's attack.
You block the large slime creature's attack.
Okay, then.
You whack the slime creature! You freeze the slime creature.
The slime creature is severely wounded.
You block the slime creature's attack. The large slime creature hits you.
* * * LOW HITPOINT WARNING * * *
The orc warrior grunts to no one in particular.
You are confused.
You feel invigorated.
The slime creature completely misses you.
The large slime creature hits you!!
You die...

########################
[.......................
...................####
...................#
...................#
...................######.#
..........................#
#######+#######J@.........#
# #J#########.# # #o# # .o#
# )..# + ...(. # ......
..((.#' ....$. ..


You could see a large slime creature, a slime creature and 2 orc warriors.

Vanquished Creatures
  3 boulder beetles
  3 two-headed ogres
  A manticore (D:10)
  An unseen horror (D:7)
  Psyche (D:9)
  A rime drake (D:8)
  A troll (D:10)
  A queen bee (D:10)
  Grinder (D:3)
  Prince Ribbit (D:5)
  A slime creature (D:12)
  2 wyverns (D:10)
  14 yaks
  A steam dragon (D:6)
  4 vampire mosquitoes (D:11)
  An acid dragon (D:10)
  4 water moccasins
  4 orc warriors
  3 black bears
  3 ice beasts
  3 wolves (D:8)
  6 ogres
  A phantom (D:7)
  3 centaurs
  A kobold brigand (D:9)
  2 bullfrogs
  3 scorpions
  17 wights
  30 killer bees
  A howler monkey (D:9)
  An electric eel (D:10)
  2 hounds (D:5)
  A gnoll bouda (D:7)
  5 orc priests
  2 jellies (D:6)
  Terence (D:2)
  2 sleepcaps
  3 iguanas
  9 orc wizards
  Robin (D:3)
  7 gnolls
  8 adders
  3 shadow imps
  An ufetubus (D:6)
  2 worms
  A dart slug (D:4)
  37 orcs
  6 endoplasms
  4 giant cockroaches
  12 goblins
  10 hobgoblins
  2 jackals (D:5)
  5 quokkas
  4 ball pythons
  7 bats (D:1)
  7 frilled lizards
  12 kobolds
  6 rats
279 creatures vanquished.

Vanquished Creatures (others)
  A kobold brigand (D:10)
  A kobold (D:10)
2 creatures vanquished.

Grand Total: 281 creatures vanquished

Notes
Turn   | Place    | Note
-------+----------+-------------------------------------------
     0 | D:1      | IdlyInterested the Demonspawn Gladiator began the quest for
                  | the Orb.
     0 | D:1      | Reached XP level 1. HP: 16/16 MP: 1/1
   175 | D:1      | Gained mutation: You may rarely emit foul miasma when
                  | damaged in melee. [demonic ancestry]
   175 | D:1      | Reached XP level 2. HP: 17/23 MP: 2/2
   321 | D:1      | Found a faded altar of an unknown god.
   412 | D:1      | Reached skill level 1 in Armour
   795 | D:1      | Reached XP level 3. HP: 29/29 MP: 3/3
  1106 | D:2      | Reached skill level 1 in Stealth
  1109 | D:2      | Noticed a black bear
  1116 | D:2      | Killed a black bear
  1117 | D:2      | Gained mutation: You sometimes emit foul miasma when
                  | damaged in melee. [demonic ancestry]
  1117 | D:2      | Reached XP level 4. HP: 27/37 MP: 4/4
  1196 | D:2      | Gained mutation: You are partially covered in razor-sharp
                  | scales. (AC +1, Slay +1) [demonic ancestry]
  1196 | D:2      | Reached XP level 5. HP: 40/42 MP: 5/5
  1294 | D:2      | Noticed Terence
  1311 | D:2      | Killed Terence
  2328 | D:3      | Noticed Grinder
  2347 | D:3      | Paralysed by Grinder for 3 turns
  2356 | D:3      | Killed Grinder
  2357 | D:3      | Gained mutation: You frequently emit foul miasma when
                  | damaged in melee. [demonic ancestry]
  2357 | D:3      | Reached XP level 6. HP: 10/48 MP: 6/6
  2598 | D:3      | Noticed Robin
  2605 | D:3      | Killed Robin
  2650 | D:3      | Reached XP level 7. HP: 50/54 MP: 7/7
  3157 | D:4      | Reached skill level 1 in Evocations
  3603 | D:4      | Found a sparkling altar of Nemelex Xobeh.
  3976 | D:5      | Entered Level 5 of the Dungeon
  4106 | D:5      | Reached skill level 1 in Shields
  4110 | D:5      | Noticed a two-headed ogre
  4130 | D:5      | Killed a two-headed ogre
  4131 | D:5      | Reached skill level 5 in Fighting
  4131 | D:5      | Reached XP level 8. HP: 21/62 MP: 8/8
  4335 | D:5      | Identified the +6 whip "Repukh" {freeze, rPois Will+
                  | Stlth-}
  4401 | D:5      | Noticed Prince Ribbit
  4408 | D:5      | Killed Prince Ribbit
  4589 | D:5      | Reached skill level 5 in Dodging
  4632 | D:5      | Found a hide-covered altar of Uskayaw.
  4632 | D:5      | Found a stormy altar of Qazlal.
  5236 | D:6      | Gained mutation: You are mostly covered in razor-sharp
                  | scales. (AC +2, Slay +2) [demonic ancestry]
  5236 | D:6      | Reached XP level 9. HP: 67/68 MP: 9/9
  5248 | D:6      | Reached skill level 5 in Axes
  6458 | D:7      | Found a staircase to the Ecumenical Temple.
  6487 | Temple   | Entered the Ecumenical Temple
  6521 | D:7      | Noticed a boulder beetle
  6549 | D:7      | Killed a boulder beetle
  6578 | D:7      | Reached XP level 10. HP: 9/75 MP: 10/10
  7880 | D:8      | Noticed a two-headed ogre
  7892 | D:8      | Killed a two-headed ogre
  7965 | D:8      | Found a staircase to the Lair.
  8715 | D:9      | Found a bloodstained altar of Trog.
  8953 | D:9      | Noticed Psyche
  8973 | D:9      | Killed Psyche
  9322 | D:9      | Reached XP level 11. HP: 63/85 MP: 11/11
  9440 | D:10     | Entered Level 10 of the Dungeon
  9557 | D:10     | Found a sacrificial altar of Ru.
 10521 | D:10     | Noticed a two-headed ogre
 10529 | D:10     | Killed a two-headed ogre
 10817 | D:10     | Found a radiant altar of Vehumet.
 11278 | D:11     | Noticed a boulder beetle
 11288 | D:11     | Killed a boulder beetle
 11476 | D:11     | Noticed a boulder beetle
 11491 | D:11     | Killed a boulder beetle
 12440 | D:12     | Mangled by a large slime creature

Illustrated notes

Levels and vault maps discovered:
D:1:      psy_arrival_whirlpool, layout_loops_corners,
          ebering_ecumenical_altar_sacrificial, minivault_11, nicolae_titane
D:2:      layout_loops_ring, uniq_terence
D:3:      layout_basic, hex_large, uniq_grinder, uniq_robin
D:4:      layout_loops_ring, kennysheep_little_box
D:5:      layout_loops_ring, gammafunk_temple_overflow_wave, minmay_liquid_box,
          minivault_23, uniq_prince_ribbit1
D:6:      layout_loops_ring
D:7:      layout_cave_pools, minmay_temple_entry_ruins, roderic_serpentine_path
D:8:      layout_loops_ring, hellmonk_lair_entry_icy
D:9:      layout_basic, trog_three_pillars_becter, amcnicky_mini_pool_small,
          uniq_psyche
D:10:     layout_roguey [special_room_orc], vehumet_crystals,
          mainiacjoe_overflow_catwalk, serial_bayou, serial_bayou_lagoon_a,
          serial_bayou_pond_b, serial_bayou_pond_a, serial_bayou_shore_b,
          special_room [special_room_bee]
D:11:     layout_irregular_city
D:12:     layout_stronghold, orc_david_3, serial_shops, shop, uniq_nessos
Temple:   nicolae_temple_elliptical

Skill      XL: |  1  2  3  4  5  6  7  8  9 10 11 |
---------------+----------------------------------+-----
Armour         | 1 2 4 6 7 8 9 |  9.0
Fighting       | 3 4 5 6 7 9 |  9.0
Stealth        | 1 2 3 4 |  4.0
Axes           | 3 4 6 7 8 |  8.0
Dodging        | 3 4 5 6 8 |  8.3
Throwing       | 2 3 4 |  4.0
Evocations     | 2 3 4 |  4.0
Shields        | 2 3 4 |  4.0

Action                     |  1- 3 |  4- 6 |  7- 9 | 10-12 || total
---------------------------+-------+-------+-------+-------++-------
  Melee: War axe           |    87 |    19 |       |       ||   106
         Punch             |     1 |     2 |     1 |       ||     4
         Flail             |       |    76 |    76 |       ||   152
         Whip              |       |       |   180 |   558 ||   738
  Throw: Stone             |       |     5 |    22 |    47 ||    74
         Dart              |       |     3 |     6 |    41 ||    50
         Throwing net      |       |     1 |       |     1 ||     2
         Javelin           |       |     4 |       |     2 ||     6
  Evoke: Wand              |       |       |       |     4 ||     4
    Use: Potion            |       |     1 |       |     4 ||     5
         Scroll            |       |       |     5 |     7 ||    12
   Stab: Held in net/web   |       |     2 |       |       ||     2
         Sleeping          |       |     1 |       |       ||     1
 Armour: Leather armour    |     3 |       |       |       ||     3
         Chain mail        |    97 |    10 |       |    15 ||   122
         Ring mail         |       |    43 |   136 |   222 ||   401
  Dodge: Dodged            |    61 |    46 |   107 |   149 ||   363
  Block: Other             |       |     5 |    15 |       ||    20
         Kite shield       |       |       |   120 |   354 ||   474
         Reflection        |       |       |       |    17 ||    17

Table legend: (Time is in decaauts)
 A = Elapsed time spent in this place.
 B = Non-inter-level travel time spent in this place.
 C = Inter-level travel time spent in this place.
 D = Time resting spent in this place.
 E = Time spent auto-exploring this place.
 F = Levels seen in this place.
 G = Mean time per level.
                   A        B        C        D        E       F      G
               +--------+--------+--------+--------+--------+-----+--------+
         Total |  12601 |  10830 |   1771 |   1572 |   6048 |  13 |  969.3 |
       Dungeon |  12599 |  10828 |   1771 |   1572 |   6048 |  12 | 1049.9 |
        Temple |      1 |      1 |      0 |      0 |      0 |   1 |    1.0 |
               +--------+--------+--------+--------+--------+-----+--------+

Top non-repeatable levels by time:
    D:10: 1707 daAuts
     D:6: 1314 daAuts
     D:1: 1235 daAuts
     D:5: 1168 daAuts
     D:3: 1149 daAuts
     D:8: 1078 daAuts
     D:7: 1048 daAuts
     D:4: 993 daAuts
    D:11: 972 daAuts
     D:9: 883 daAuts
     D:2: 857 daAuts
    D:12: 190 daAuts
  Temple: 1 daAuts
